 Dungeon Crawl Stone Soup version 0.21.1-1-g345015fe64 (webtiles) character file.

5816 Oravi the Slinger (level 11, 0/75 HPs)
             Began as a Halfling Hunter on Apr 20, 2018.
             Was a High Priest of Okawaru.
             Slain by a two-headed ogre
             ... wielding a +0 giant spiked club
              (22 damage)
             ... on level 9 of the Dungeon.
             The game lasted 00:37:15 (9286 turns).

Oravi the Slinger (Halfling Hunter)                 Turns: 9286, Time: 00:37:16

Health: 0/75       AC:  6    Str: 24 (25) XL:     11   Next: 7%
Magic:  14/15      EV: 26    Int:  8 (9)  God:    Okawaru [*****.]
Gold:   437        SH: 17    Dex: 19      Spells: 10/10 levels left

rFire    . . .     SeeInvis .   a - +2 hunting sling
rCold    . . .     Gourm    .   A - +0 shield
rNeg     . . .     Faith    .   H - +1 robe "Neimp" {Str+7}
rPois    .         Spirit   .   (no helmet)
rElec    .         Reflect  .   C - -1 cloak (curse)
rCorr    .         Harm     .   q - +1 pair of gloves
MR       .....                  (no boots)
Stlth    +++.......             (no amulet)
HPRegen  0.22/turn              e - +5 ring of strength
MPRegen  0.14/turn              h - +3 ring of evasion

@: heroism
A: small, large bone plates 1, blink, deterioration 1, mutation resistance 1
a: Blink, Heroism, Finesse, Renounce Religion


You were on level 9 of the Dungeon.
You worshipped Okawaru.
Okawaru was extremely pleased with you.
You were not hungry.

You visited 2 branches of the dungeon, and saw 10 of its levels.
You also visited: Sewer.

You collected 647 gold pieces.
You spent 210 gold pieces at shops.

Inventory:

Hand Weapons
 a - a +2 hunting sling (weapon)
 b - a +1 short sword of flaming
 o - a +0 dagger of electrocution
 B - a +3 dagger
 G - a +2 dagger of protection
Missiles
 d - 96 sling bullets (quivered)
 g - 185 stones
Armour
 c - a +0 leather armour
 q - a +1 pair of gloves (worn)
 y - a scarf of spirit shield
 A - a +0 shield (worn)
 C - a cursed -1 cloak (worn)
 H - the +1 robe "Neimp" (worn) {Str+7}
   (You found it on level 8 of the Dungeon)

   It affects your strength (+7).
Jewellery
 e - a +5 ring of strength (left hand)
 h - a +3 ring of evasion (right hand)
 k - an uncursed ring of protection from magic
 I - a cursed ring of loudness {unknown}
Wands
 z - a wand of paralysis (14)
Scrolls
 i - 2 scrolls of fear
 l - 2 scrolls of teleportation
 m - 3 scrolls of blinking
 u - a scroll of enchant armour
 w - 4 scrolls of identify
Potions
 j - a potion of heal wounds
 n - 2 potions of cancellation
 p - 2 potions of haste
 r - 5 potions of curing
 s - 2 potions of berserk rage
 t - a potion of agility
 v - 2 potions of flight
 x - a potion of invisibility
Comestibles
 f - 13 rations
 F - 13 chunks of flesh


   Skills:
 + Level 7.2(12.2) Fighting
 * Level 7.7(12.7) Short Blades
 - Level 12.0(17.0) Slings
 + Level 3.3(8.3) Armour
 * Level 6.3(11.3) Dodging
 - Level 1.1(6.1) Stealth
 * Level 5.0(10.0) Shields
 * Level 5.6 Invocations


You had 10 spell levels left.
You didn't know any spells.

Dungeon Overview and Level Annotations

Branches:
Dungeon (9/15)             Temple (1/1) D:4
   Lair: D:8-11         Orc: D:9-12

Altars:
Ashenzari
Cheibriados
Dithmenos
Elyvilon
Fedhas
Gozag
Hepliaklqana
Kikubaaqudgha
Makhleb
Nemelex Xobeh
Okawaru
Qazlal
Ru
Sif Muna
Trog
Uskayaw
Vehumet
Wu Jian
Xom
Yredelemnul
Zin

Shops:
D:5 !

Annotations:
D:3 1 runed door


Innate Abilities, Weirdness & Mutations

You are small and have problems with some larger weapons.
You are somewhat resistant to further mutation.
You are partially covered in large bone plates. (SH +4)
You can translocate small distances at will.
Your body sometimes deteriorates upon taking damage.


Message History

The sling bullet hits the two-headed ogre.
The two-headed ogre is almost dead.
The two-headed ogre hits you with a giant spiked club!!
The two-headed ogre hits you with a giant club!
* * * LOW HITPOINT WARNING * * *
Your body deteriorates!
You feel dopey.
Firing (i - inventory. (,) - cycle):
d - 98 sling bullets (quivered)
Press: ? - help, Shift-Dir - straight line, f/p - two-headed ogre
Aim: a two-headed ogre, wielding a giant spiked club and a giant club (almost dead)
You shoot a sling bullet.
The sling bullet hits the two-headed ogre.
The two-headed ogre is almost dead.
Firing (i - inventory. (,) - cycle):
d - 97 sling bullets (quivered)
Press: ? - help, Shift-Dir - straight line, f/p - two-headed ogre
Aim: a two-headed ogre, wielding a giant spiked club and a giant club (almost dead)
You shoot a sling bullet.
The sling bullet hits the two-headed ogre.
The two-headed ogre is almost dead.
The two-headed ogre hits you with a giant spiked club!!
You die...

#.# ########.......#
#.# ##..a...'.......#
#.####..######.......#
#......## #a......#
##....### #...(...#
....#..# #.......#
######.# ###'#####
#.###.# ##.# ##_.⌠#.#
#@.# #8...'.# #O##
##_.⌠### #.# #.### .(#
### +###


You could see a two-headed ogre.

Vanquished Creatures
  2 two-headed ogres (D:8)
  A hippogriff (D:8)
  Eustachio (D:4)
  A hungry ghost (D:8)
  A water moccasin (D:5)
  2 orc warriors
  2 ice beasts
  A black bear (D:8)
  3 sky beasts
  An eye of draining (D:8)
  A phantom (D:4)
  3 centaurs
  5 ogres
  A crocodile (Sewer)
  A big kobold (D:8)
  6 bullfrogs
  3 scorpions
  4 wights
  5 howler monkeys
  8 crimson imps
  5 orc priests
  3 hounds
  A gnoll shaman (D:6)
  3 orc wizards
  2 bullfrog skeletons
  5 iguanas
  Natasha (twice) (D:4)
  A centaur skeleton (D:4)
  8 worker ants
  A hound skeleton (D:6)
  4 gnolls (D:6)
  A worker ant zombie (D:8)
  16 adders
  A shadow imp (D:6)
  An adder skeleton (D:6)
  A worm (D:3)
  2 leopard geckos
  29 orcs
  2 ball pythons
  7 giant cockroaches
  13 goblins
  4 hobgoblins
  13 jackals
  4 quokkas
  2 bats
  A frilled lizard (D:3)
  A jackal skeleton (D:6)
  A jackal zombie (D:5)
  12 kobolds
  2 leopard gecko skeletons
  6 rats
206 creatures vanquished.

Notes
Turn   | Place    | Note
-------+----------+-------------------------------------------
     0 | D:1      | Oravi the Halfling Hunter began the quest for the Orb.
     0 | D:1      | Reached XP level 1. HP: 14/14 MP: 1/1
    76 | D:1      | Reached skill level 6 in Slings
   319 | D:1      | Reached XP level 2. HP: 19/19 MP: 2/2
   677 | D:2      | Reached skill level 1 in Short Blades
   971 | D:2      | Reached XP level 3. HP: 23/24 MP: 3/3
  1535 | D:3      | Found a runed door.
  1616 | D:3      | Noticed an ogre
  1658 | D:1      | Killed an ogre
  1658 | D:1      | Reached skill level 7 in Slings
  1658 | D:1      | Reached skill level 1 in Armour
  1658 | D:1      | Reached XP level 4. HP: 23/29 MP: 4/4
  1658 | D:1      | Reached XP level 5. HP: 27/34 MP: 5/5
  2692 | D:4      | Noticed Eustachio
  2692 | D:4      | Noticed a phantom
  2767 | D:3      | Reached skill level 8 in Slings
  2767 | D:3      | Reached XP level 6. HP: 28/41 MP: 6/6
  2959 | D:4      | Found a glowing drain.
  3028 | Sewer    | Entered a sewer
  3530 | D:4      | Found a staircase to the Ecumenical Temple.
  3539 | Temple   | Entered the Ecumenical Temple
  3611 | Temple   | Became a worshipper of Warmaster Okawaru
  3784 | D:4      | Noticed an orc warrior
  3841 | D:3      | Killed an orc warrior
  3841 | D:3      | Reached skill level 9 in Slings
  3841 | D:3      | Reached XP level 7. HP: 33/45 MP: 7/7
  3981 | D:4      | Killed Eustachio
  3981 | D:4      | Reached * piety under Okawaru
  4033 | D:4      | Noticed Natasha
  4039 | D:4      | Killed Natasha
  4039 | D:4      | Reached skill level 10 in Slings
  4039 | D:4      | Reached XP level 8. HP: 47/52 MP: 8/8
  4289 | D:4      | Noticed Natasha
  4294 | D:4      | Killed Natasha
  4425 | D:4      | Found a stormy altar of Qazlal.
  4559 | D:5      | Entered Level 5 of the Dungeon
  4588 | D:5      | Found Ciav's Distillery.
  4600 | D:5      | Bought a potion of berserk rage for 50 gold pieces
  4600 | D:5      | Bought a potion of cancellation for 80 gold pieces
  4600 | D:5      | Bought a potion of curing for 30 gold pieces
  4600 | D:5      | Bought a potion of heal wounds for 50 gold pieces
  4824 | D:5      | Found a shadowy altar of Dithmenos.
  5566 | D:6      | Reached skill level 11 in Slings
  5579 | D:6      | Reached ** piety under Okawaru
  5778 | D:5      | Reached skill level 5 in Short Blades
  5778 | D:5      | Reached skill level 1 in Invocations
  5838 | D:6      | Reached XP level 9. HP: 52/58 MP: 9/9
  6292 | D:6      | Reached skill level 12 in Slings
  6613 | D:6      | Reached skill level 1 in Shields
  6958 | D:7      | Reached *** piety under Okawaru
  7013 | D:6      | Reached skill level 5 in Dodging
  7271 | D:7      | Reached skill level 5 in Fighting
  7340 | D:6      | Reached XP level 10. HP: 53/66 MP: 10/12
  7606 | D:7      | Reached **** piety under Okawaru
  7633 | D:7      | Found a basalt altar of Yredelemnul.
  8083 | D:8      | Received a gift from Okawaru
  8136 | D:8      | Noticed a two-headed ogre
  8144 | D:8      | Killed a two-headed ogre
  8144 | D:8      | Reached skill level 5 in Invocations
  8168 | D:8      | Received a gift from Okawaru
  8596 | D:8      | Reached ***** piety under Okawaru
  8616 | D:8      | Got a ripped robe
  8627 | D:8      | Identified the cursed +1 robe "Neimp" {Str+7} (You found it on level 8 of the Dungeon)
  9032 | D:8      | Gained mutation: You can translocate small distances at will. [potion of mutation]
  9032 | D:8      | Gained mutation: Your body sometimes deteriorates upon taking damage. [potion of mutation]
  9032 | D:8      | Gained mutation: You are partially covered in large bone plates. (SH +4) [potion of mutation]
  9073 | D:9      | Received a gift from Okawaru
  9151 | D:9      | Found a shadowy altar of Dithmenos.
  9152 | D:9      | Found a sparkling altar of Nemelex Xobeh.
  9191 | D:9      | Noticed a two-headed ogre
  9191 | D:9      | Noticed a two-headed ogre
  9241 | D:8      | Killed a two-headed ogre
  9241 | D:8      | Reached skill level 5 in Shields
  9241 | D:8      | Reached XP level 11. HP: 68/75 MP: 13/15
  9286 | D:9      | Slain by a two-headed ogre

Skill      XL: |  1  2  3  4  5  6  7  8  9 10 |
---------------+-------------------------------+-----
Slings         | 6 7 8 9 10 11 12 | 12.0
Short Blades   | 1 2 3 4 5 6 7 |  7.7
Fighting       | 2 3 5 7 |  7.2
Armour         | 1 2 3 |  3.3
Dodging        | 3 4 5 6 |  6.3
Invocations    | 1 3 5 |  5.6
Shields        | 2 5 |  5.0
Stealth        | |  1.1

Action                   |  1- 3 |  4- 6 |  7- 9 | 10-12 || total
-------------------------+-------+-------+-------+-------++-------
Melee: Short sword       |       |       |    61 |       ||    61
 Fire: Hunting sling     |    74 |   161 |   502 |   381 ||  1118
Invok: Heroism           |       |       |     3 |     3 ||     6
  Use: Scroll            |     7 |     7 |     7 |     4 ||    25
       Potion            |       |     1 |     1 |     1 ||     3
  Eat: Chunk             |     2 |     6 |     7 |     6 ||    21
       Ration            |       |       |     1 |       ||     1
Armor: Leather armour    |     5 |     9 |    31 |     5 ||    50
       Robe              |       |       |       |     2 ||     2
Dodge: Dodged            |    21 |    64 |   122 |    65 ||   272
Block: Shield            |       |       |    51 |    65 ||   116
